 Dungeon Crawl Stone Soup version 0.30-b1-2-g02819fbbbe (webtiles) character file.

Game seed: 8009155270970655931

(classic levelgen) 54 EnegeticOcto the Trooper (level 3, -5/33 HPs)
             Began as a Minotaur Fighter on May 21, 2023.
             Killed from afar by Sigmund (11 damage)
             ... with a puff of flame
             ... on level 2 of the Dungeon.
             The game lasted 00:00:35 (938 turns).

EnegeticOcto the Trooper (Minotaur Fighter)          Turns: 938, Time: 00:00:35

Health: -5/33      AC:  7    Str: 22    XL:     3   Next: 66%
Magic:  2/2        EV:  9    Int:  5    God:
Gold:   26         SH:  4    Dex:  9    Spells: 2/2 levels left

rFire   . . .        a - +0 war axe
rCold   . . .        c - +0 buckler
rNeg    . . .        b - +0 scale mail
rPois   .            (helmet restricted)
rElec   .            (no cloak)
rCorr   .            (no gloves)
SInv    .            (no boots)
Will    .....        (no amulet) Stlth
                     (no ring)
HPRegen 0.25/turn    (no ring)
MPRegen 0.08/turn

%: no passive effects
@: no status effects
A: horns 2, retaliatory headbutt
a: no special abilities


You were on level 2 of the Dungeon.
You visited 1 branch of the dungeon, and saw 2 of its levels.

You collected 26 gold pieces.

Inventory:

Hand Weapons
 a - a +0 war axe (weapon)
Armour
 b - a +0 scale mail (worn)
 c - a +0 buckler (worn)
Scrolls
 f - 5 scrolls of identify {unknown}
 i - a scroll of fear {unknown}
 k - a scroll of torment {unknown}
Potions
 d - 2 potions of might {@q3}
 e - a potion of heal wounds {unknown}
 g - a potion of invisibility {unknown}
 h - a potion of haste {unknown}
 j - a potion of berserk rage {unknown}
 l - a potion of cancellation {unknown}


   Skills:
 + Level 4.1 Fighting
 * Level 3.6 Axes
 + Level 4.1 Armour
 + Level 4.1 Shields


You had 2 spell levels left.
You didn't know any spells.
Your spell library was empty.

Dungeon Overview and Level Annotations

Branches:
Dungeon (2/15)

Altars:

Shops:
D:1 (

Annotations:
D:2 Sigmund


Innate Abilities, Weirdness & Mutations

You have a pair of horns on your head.
You reflexively headbutt those who attack you in melee.


Message History

Terence is severely wounded.
Terence hits you but does no damage.
You hit Terence. You headbutt Terence.
You kill Terence!
You hit the giant cockroach. You block the giant cockroach's attack.
The giant cockroach bites you but does no damage.
Your Fighting skill increases to level 4!
Your Armour skill increases to level 4!
Your Shields skill increases to level 4!
You have reached level 3!
Your experience leads to an increase in your attributes!
Increase (s)trength, (i)ntelligence, or (d)exterity?
You feel stronger. x2
You slash the giant cockroach!
You kill the giant cockroach!
No target in view!
No target in view!
No target in view!
No target in view!
No target in view!
No target in view!
No target in view!
No target in view!
Things that are here:
a +0 flail; a +0 scale mail; the human corpse of Terence HP restored.
There is a stone staircase leading up, spattered with blood here.
Sigmund the Dreaded comes into view.
He is wielding a +0 scythe.
Sigmund shouts!
Sigmund moves out of view.
You see here a giant cockroach corpse.
Sigmund is nearby!
Found a potion of might.
Sigmund mumbles some strange words.
Sigmund flickers and vanishes!
Deactivating autopickup; reactivate with Ctrl-A.
No target in view!
No target in view!
No target in view!
No target in view!
No target in view!
No target in view!
No target in view!
No target in view!
No target in view!
No target in view!
No target in view!
No target in view!
A dart slug comes into view.
Found 6 gold pieces.
A magic dart appears from out of thin air!
The magic dart hits you.
You see here a cyan potion.
You hear some strange, mumbled words.
A puff of flame appears from out of thin air!
The puff of flame misses you. The dart slug launches a dart at you.
The slug dart hits you.
You barely miss something. Something hits you.
You miss something. You block something's attack.
You barely miss something.
A rat comes into view.
Something hits you.
You miss something. Your headbutt misses something.
You hear some strange, mumbled words.
You are confused.
You miss something. The dart slug launches a dart at you.
The slug dart hits you. Something hits you but does no damage.
The rat barely misses you.
You bump into the rock wall.
The rat closely misses you. Something hits you but does no damage.
The rat attacks as you move away! The rat bites you but does no damage.
The rat attacks as you move away! The rat bites you but does no damage.
Something hits you but does no damage.
You feel less confused.
The dart slug bites you but does no damage.
Something hits you but does no damage.
You closely miss the rat. You headbutt the rat.
You kill the rat!
You hit the dart slug. The dart slug barely misses you.
Something hits you but does no damage.
You see here a rat corpse.
You closely miss something. You headbutt something. You slash the dart slug!
You kill the dart slug!
Something completely misses you.
You slash something! Your headbutt misses something. Something hits you.
You closely miss something. You block something's attack.
You barely miss something. You headbutt something. You miss something.
You hear some strange, mumbled words.
A magic dart appears from out of thin air!
The magic dart hits you.
You miss something. Your headbutt misses something. Something hits you!
* * * LOW HITPOINT WARNING * * *
You miss something. You headbutt something!
You hear some strange, mumbled words.
A puff of flame appears from out of thin air!
The puff of flame hits you!
You die...

### #.. #.# . #.##### .
. ######.#...##.#.# ##.
#.†..!......#...#
.....#<####........#.#
....>...)..#..{........
..##.##.##.#..@.....# #
#.# ##...!...# #.#
##......# #.#
♣~♣....... #.#
~P~~$~♣### #.#
PP~~~.~~~ #.
P~~~~~.~P~♣
~~~~≈≈≈.~~~♣ #♣~~≈≈
≈.PP~~


There were no monsters in sight!

Vanquished Creatures
  Terence (D:2)
  2 dart slugs
  2 giant cockroaches
  3 goblins (D:1)
  3 hobgoblins (D:1)
  4 jackals (D:1)
  A quokka (D:1)
  A ball python (D:1)
  3 bats (D:1)
  A frilled lizard (D:1)
  3 rats
24 creatures vanquished.

Vanquished Creatures (others)
  2 plants (D:2)
  5 toadstools (D:1)
7 creatures vanquished.

Grand Total: 31 creatures vanquished

Notes
Turn   | Place    | Note
-------+----------+-------------------------------------------
     0 | D:1      | EnegeticOcto the Minotaur Fighter began the quest for the
                  | Orb.
     0 | D:1      | Reached XP level 1. HP: 19/19 MP: 0/0
   270 | D:1      | Reached XP level 2. HP: 27/27 MP: 1/1
   522 | D:1      | Found a transporter.
   522 | D:1      | Found Fiukoroh's Weapon Shop.
   715 | D:1      | Found a transporter.
   858 | D:2      | Noticed Terence
   863 | D:2      | Killed Terence
   864 | D:2      | Reached XP level 3. HP: 20/33 MP: 2/2
   915 | D:2      | Noticed Sigmund
   938 | D:2      | Killed from afar by Sigmund

Illustrated notes

Levels and vault maps discovered:
D:1:      ldierk_walled_garden, layout_loops_ring, serial_shops,
          nicolae_shop_drivethru, chequers_garden
D:2:      layout_loops_ring, serial_bayou, serial_bayou_lake_a,
          serial_bayou_pond_a, serial_bayou_pond_c, serial_bayou_lagoon_b,
          serial_bayou_pond_d, uniq_terence, uniq_sigmund

Skill      XL: |  1  2 |
---------------+-------+-----
Axes           | 3 |  3.6
Fighting       | 4 |  4.1
Armour         | 4 |  4.1
Shields        | 4 |  4.1

Action                     || total
---------------------------++-------
  Melee: War axe           ||    73
         Headbutt          ||    10
 Armour: Scale mail        ||    37
  Dodge: Dodged            ||    30
  Block: Buckler           ||    19
